PA
PHOENIX HOTSPUR U-21 @ SOUTH BEACH BLAZE
07/16/2021
 
TOP OF THE 1ST
Phoenix Hotspur U-21 batting - Pitching for South Beach Blaze : LHP Juan Méndez
Pitching: LHP Juan Méndez
Batting: RHB Ángel Guardado 0-0: Ball
1-0: Ball
2-0: Foul Ball, location: 2F
2-1: Foul Ball, location: 2F
2-2: Strikes out looking
Batting: RHB Marc Meertens 0-0: Called Strike
0-1: Fly out, F9 (Flyball, 9LM)
Batting: RHB António Padilla 0-0: Called Strike
0-1: Ball
1-1: SINGLE (Line Drive, 4MD)
Batting: SHB Pedro Gómez 0-0: Ball
1-0: Called Strike
1-1: Swinging Strike
1-2: Ball
António Padilla steals 2nd base
2-2: Strikes out swinging
Top of the 1st over - 0 run(s), 1 hit(s), 0 error(s), 1 left on base; Phoenix 0 - South Beach 0
BOTTOM OF THE 1ST
South Beach Blaze batting - Pitching for Phoenix Hotspur U-21 : RHP Odwin Looms
Pitching: RHP Odwin Looms
Batting: RHB Shawn McCormack 0-0: Swinging Strike
0-1: Ground out 1-3 (Groundball, 13)
Batting: RHB Alan Rosales 0-0: Ball
1-0: Ball
2-0: Foul Ball, location: 2F
2-1: Called Strike
2-2: SINGLE (Groundball, 6MD)
Batting: RHB Ted Cook 0-0: Called Strike
0-1: Called Strike
0-2: Ball
Pickoff Throw to First - Error! E1
Alan Rosales to second
1-2: Ball
2-2: Ball
3-2: Fly out, F9 (Flyball, 9M)
Batting: LHB Carlos Medina 0-0: Ball
1-0: Called Strike
1-1: Foul Ball, location: 2F
1-2: Ball
2-2: Ball
3-2: 2-RUN HOME RUN (Flyball, 9D), Distance : 384 ft
Batting: RHB Marcos Reyes 0-0: Ball
1-0: Called Strike
1-1: Reached on error, E5 (Groundball, 5)
Batting: LHB Tomás Mejía 0-0: Ball
Wild Pitch!
Marcos Reyes to third
1-0: Ball
2-0: Ball
3-0: Base on Balls
Batting: LHB Jorge Pérez 0-0: Ball
1-0: Ground out 2-3 (Groundball, 2R)
Bottom of the 1st over - 2 run(s), 2 hit(s), 2 error(s), 2 left on base; Phoenix 0 - South Beach 2
TOP OF THE 2ND
Phoenix Hotspur U-21 batting - Pitching for South Beach Blaze : LHP Juan Méndez
Batting: LHB Ricardo Peña 0-0: Ground out 3-1 (Groundball, 34)
Batting: RHB Jesús Mejía 0-0: Called Strike
0-1: Swinging Strike
0-2: Fly out, F7 (Flyball, 7D)
Batting: LHB Derek Blair 0-0: Ball
1-0: Called Strike
1-1: Foul Ball, location: 2F
1-2: Strikes out looking
Top of the 2nd over - 0 run(s), 0 hit(s), 0 error(s), 0 left on base; Phoenix 0 - South Beach 2
BOTTOM OF THE 2ND
South Beach Blaze batting - Pitching for Phoenix Hotspur U-21 : RHP Odwin Looms
Batting: RHB Mario Blanco 0-0: Ball
1-0: Ball
2-0: Called Strike
2-1: Swinging Strike
2-2: Foul Ball, location: 2F
2-2: Strikes out swinging
Batting: RHB Logan Cole 0-0: Fly out, F9 (Flyball, 9M)
Batting: RHB Shawn McCormack 0-0: Swinging Strike
0-1: Fly out, F4 (Line Drive, 4)
Bottom of the 2nd over - 0 run(s), 0 hit(s), 0 error(s), 0 left on base; Phoenix 0 - South Beach 2
TOP OF THE 3RD
Phoenix Hotspur U-21 batting - Pitching for South Beach Blaze : LHP Juan Méndez
Batting: RHB Jesús Álvarez 0-0: Called Strike
0-1: Ball
1-1: SINGLE (Groundball, 34)
Batting: LHB Shojiro Ueda 0-0: Ball
Jesús Álvarez steals 2nd base
1-0: Ground out 4-3 (Groundball, 13)
Jesús Álvarez to third
Batting: RHB Ángel Guardado 0-0: Ball
Steal of home, Jesús Álvarez is out
1-0: Ball
2-0: SINGLE (Groundball, 6MD)
Batting: RHB Marc Meertens 0-0: Called Strike
0-1: Ball
1-1: Swinging Strike
1-2: Ground out 5-3 (Groundball, 56S)
Top of the 3rd over - 0 run(s), 2 hit(s), 0 error(s), 1 left on base; Phoenix 0 - South Beach 2
BOTTOM OF THE 3RD
South Beach Blaze batting - Pitching for Phoenix Hotspur U-21 : RHP Odwin Looms
Batting: RHB Alan Rosales 0-0: Called Strike
0-1: SINGLE (Line Drive, 56D)
Batting: RHB Ted Cook 0-0: Ball
1-0: Swinging Strike
1-1: Foul Ball, location: 2F
1-2: Ball
2-2: Ball
3-2: Ground out 5-3 (Groundball, 5)
Alan Rosales to second
Batting: LHB Carlos Medina 0-0: Called Strike
0-1: Swinging Strike
0-2: 2-RUN HOME RUN (Line Drive, 89XD), Distance : 425 ft
Batting: RHB Marcos Reyes 0-0: Swinging Strike
0-1: Ball
1-1: Ball
2-1: Ball
3-1: Swinging Strike
3-2: Fly out, F9 (Flyball, 9S)
Batting: LHB Tomás Mejía 0-0: Swinging Strike
0-1: Ball
1-1: SINGLE (Groundball, 6MD)
Batting: LHB Jorge Pérez 0-0: Called Strike
0-1: Ball
1-1: SINGLE (Groundball, 34D) (infield hit)
Tomás Mejía to second
Batting: RHB Mario Blanco 0-0: Ball
1-0: SINGLE (Line Drive, 6M)
Tomás Mejía to third
Jorge Pérez to second
Runner from 3rd tries for Home, SAFE, no throw or cutoff
Batting: RHB Logan Cole 0-0: Ball
1-0: Fly out, F7 (Line Drive, 78S)
Bottom of the 3rd over - 3 run(s), 5 hit(s), 0 error(s), 2 left on base; Phoenix 0 - South Beach 5
TOP OF THE 4TH
Phoenix Hotspur U-21 batting - Pitching for South Beach Blaze : LHP Juan Méndez
Batting: RHB António Padilla 0-0: Ball
1-0: Called Strike
1-1: Called Strike
1-2: Ball
2-2: Strikes out swinging
Batting: SHB Pedro Gómez 0-0: Called Strike
0-1: Foul Ball, location: 2F
0-2: Strikes out swinging
Batting: LHB Ricardo Peña 0-0: Foul Ball, location: 2F
0-1: Ball
1-1: Foul Ball, location: 2F
1-2: Ball
2-2: Strikes out swinging
Top of the 4th over - 0 run(s), 0 hit(s), 0 error(s), 0 left on base; Phoenix 0 - South Beach 5
BOTTOM OF THE 4TH
South Beach Blaze batting - Pitching for Phoenix Hotspur U-21 : RHP Odwin Looms
Batting: RHB Shawn McCormack 0-0: Foul Ball, location: 2F
0-1: Swinging Strike
0-2: Ball
1-2: Strikes out swinging
Batting: RHB Alan Rosales 0-0: Ground out 5-3 (Groundball, 5)
Batting: RHB Ted Cook 0-0: Ball
1-0: Ball
2-0: Ball
3-0: Base on Balls
Batting: LHB Carlos Medina 0-0: Foul Ball, location: 2F
0-1: Called Strike
0-2: Ground out 6-3 (Groundball, 6)
Bottom of the 4th over - 0 run(s), 0 hit(s), 0 error(s), 1 left on base; Phoenix 0 - South Beach 5
TOP OF THE 5TH
Phoenix Hotspur U-21 batting - Pitching for South Beach Blaze : LHP Juan Méndez
Batting: RHB Jesús Mejía 0-0: Ball
1-0: Ball
2-0: Ball
3-0: Base on Balls
Batting: LHB Derek Blair 0-0: Called Strike
0-1: Called Strike
0-2: Fielders Choice at 2nd, 4-6 (Groundball, 4)
Batting: RHB Jesús Álvarez 0-0: Called Strike
0-1: Ball
1-1: Ball
2-1: Ball
3-1: Fly out, F9 (Flyball, 89M)
Batting: LHB Shojiro Ueda 0-0: Ball
Derek Blair steals 2nd base
1-0: Ground out 6-3 (Groundball, 6S)
Top of the 5th over - 0 run(s), 0 hit(s), 0 error(s), 1 left on base; Phoenix 0 - South Beach 5
BOTTOM OF THE 5TH
South Beach Blaze batting - Pitching for Phoenix Hotspur U-21 : RHP Odwin Looms
Batting: RHB Marcos Reyes 0-0: Ball
1-0: Ground out 6-3 (Groundball, 6M)
Batting: LHB Tomás Mejía 0-0: Ball
1-0: Called Strike
1-1: Ball
2-1: Ball
3-1: Base on Balls
Batting: LHB Jorge Pérez 0-0: Ball
1-0: SINGLE (Groundball, 34D)
Tomás Mejía to second
Throwing error, E9
Tomás Mejía scores
Jorge Pérez to second
Batting: RHB Mario Blanco 0-0: Called Strike
0-1: Ball
1-1: Fly out, F4 (Popup, 6MS)
Batting: RHB Logan Cole 0-0: Ball
1-0: Fly out, F3 (Popup, 3SF)
Bottom of the 5th over - 1 run(s), 1 hit(s), 1 error(s), 1 left on base; Phoenix 0 - South Beach 6
TOP OF THE 6TH
Phoenix Hotspur U-21 batting - Pitching for South Beach Blaze : LHP Juan Méndez
Batting: RHB Ángel Guardado 0-0: Fly out, F6 (Popup, 6MD)
Batting: RHB Marc Meertens 0-0: Swinging Strike
0-1: Ground out 6-3 (Groundball, 6M)
Batting: RHB António Padilla 0-0: Ball
1-0: Foul Ball, location: 2F
1-1: Ball
2-1: Ball
3-1: SINGLE (Line Drive, 56D)
Batting: SHB Pedro Gómez 0-0: Called Strike
0-1: Ground out 5-3 (Groundball, 56)
Top of the 6th over - 0 run(s), 1 hit(s), 0 error(s), 1 left on base; Phoenix 0 - South Beach 6
BOTTOM OF THE 6TH
South Beach Blaze batting - Pitching for Phoenix Hotspur U-21 : RHP Odwin Looms
Pitching: LHP Armando Nieves
Batting: RHB Shawn McCormack 0-0: Ball
1-0: Called Strike
1-1: Ball
2-1: Foul Ball, location: 2F
2-2: DOUBLE (Line Drive, 78S)
Batting: RHB Alan Rosales 0-0: Ball
1-0: Called Strike
1-1: Fly out, F8 (Popup, 8LS)
Batting: RHB Ted Cook 0-0: Fly out, F5 (Line Drive, 5)
Batting: LHB Carlos Medina 0-0: Ball
1-0: Ball
2-0: Foul Ball, location: 2F
2-1: Foul Ball, location: 2F
2-2: Foul Ball, location: 2F
2-2: DOUBLE (Groundball, 5L)
Shawn McCormack scores
Batting: RHB Marcos Reyes 0-0: Ball
1-0: Ball
2-0: Ball
3-0: Base on Balls
Batting: LHB Tomás Mejía 0-0: Foul Ball, location: 2F
0-1: Foul Ball, location: 2F
0-2: TRIPLE (Line Drive, 9LD)
Carlos Medina scores
Marcos Reyes scores
Pitching: RHP Tomás Quintana
Batting: LHB Jorge Pérez 0-0: Foul Ball, location: 2F
0-1: Ball
1-1: Called Strike
1-2: Strikes out looking
Bottom of the 6th over - 3 run(s), 3 hit(s), 0 error(s), 1 left on base; Phoenix 0 - South Beach 9
TOP OF THE 7TH
Phoenix Hotspur U-21 batting - Pitching for South Beach Blaze : LHP Juan Méndez
Batting: LHB Ricardo Peña 0-0: Ball
1-0: Ball
2-0: Called Strike
2-1: Foul Ball, location: 2F
2-2: Ground out 4-3 (Groundball, 4)
Batting: RHB Jesús Mejía 0-0: Called Strike
0-1: Called Strike
0-2: Strikes out swinging
Batting: LHB Derek Blair 0-0: Ball
1-0: Fly out, F7 (Flyball, 7S)
Top of the 7th over - 0 run(s), 0 hit(s), 0 error(s), 0 left on base; Phoenix 0 - South Beach 9
BOTTOM OF THE 7TH
South Beach Blaze batting - Pitching for Phoenix Hotspur U-21 : RHP Tomás Quintana
Batting: RHB Mario Blanco 0-0: Ball
1-0: Ball
2-0: Ball
3-0: Called Strike
3-1: Foul Ball, location: 2F
3-2: Foul Ball, location: 2F
3-2: Base on Balls
Batting: RHB Logan Cole 0-0: Foul Ball, location: 2F
0-1: Ball
1-1: Ball
2-1: SINGLE (Line Drive, 78S)
Mario Blanco to second
Batting: RHB Shawn McCormack 0-0: Called Strike
0-1: Ball
1-1: Sac Bunt - play at first, batter OUT! 1-4
Mario Blanco to third
Logan Cole to second
Batting: RHB Alan Rosales 0-0: Called Strike
0-1: Fly out, F8 (Flyball, 8RM)
Runner from 3rd tags up, SCORES, no throw
Batting: RHB Ted Cook 0-0: Hit by Pitch
Batting: LHB Carlos Medina 0-0: Called Strike
0-1: Swinging Strike
0-2: DOUBLE (Flyball, 89XD)
Logan Cole scores
Ted Cook to third
Runner from 3rd tries for Home, SAFE, no throw or cutoff
Pitching: RHP Shawn Hensley
Batting: RHB Marcos Reyes 0-0: Ball
1-0: Ball
2-0: Ground out 5-3 (Groundball, 5S)
Bottom of the 7th over - 3 run(s), 2 hit(s), 0 error(s), 1 left on base; Phoenix 0 - South Beach 12
TOP OF THE 8TH
Phoenix Hotspur U-21 batting - Pitching for South Beach Blaze : LHP Juan Méndez
Batting: RHB Jesús Álvarez 0-0: Ground out 6-3 (Groundball, 6)
Batting: LHB Shojiro Ueda 0-0: Called Strike
0-1: Swinging Strike
0-2: Strikes out swinging
Batting: RHB Ángel Guardado 0-0: Foul Ball, location: 2F
0-1: Foul Ball, location: 2F
0-2: Fly out, F4 (Popup, 34)
Top of the 8th over - 0 run(s), 0 hit(s), 0 error(s), 0 left on base; Phoenix 0 - South Beach 12
BOTTOM OF THE 8TH
South Beach Blaze batting - Pitching for Phoenix Hotspur U-21 : RHP Shawn Hensley
Batting: LHB Tomás Mejía 0-0: SINGLE (Popup, 7LS)
Batting: LHB Jorge Pérez 0-0: Ball
1-0: Sac Bunt - play at first, batter OUT! 1-4
Tomás Mejía to second
Pinch Hitting: RHB Roberto Ruíz 0-0: Swinging Strike
0-1: Fly out, F9 (Flyball, 89M)
Batting: RHB Logan Cole 0-0: Ball
1-0: Called Strike
1-1: Ball
2-1: Foul Ball, location: 2F
2-2: Fly out, F2 (Popup, 2RF)
Bottom of the 8th over - 0 run(s), 1 hit(s), 0 error(s), 1 left on base; Phoenix 0 - South Beach 12
TOP OF THE 9TH
Phoenix Hotspur U-21 batting - Pitching for South Beach Blaze : LHP Juan Méndez
Now at 3B: Roberto Ruíz
Batting: RHB Marc Meertens 0-0: Ball
1-0: Ball
2-0: SINGLE (Groundball, 6M)
Batting: RHB António Padilla 0-0: Ball
1-0: Ground out U3 (Groundball, 3S)
Marc Meertens to second
Pinch Hitting: RHB Larry Bryant 0-0: Called Strike
0-1: Ball
1-1: Ball
2-1: Called Strike
2-2: Strikes out swinging
Batting: LHB Ricardo Peña 0-0: Ball
1-0: Swinging Strike
1-1: Swinging Strike
1-2: Strikes out swinging
Top of the 9th over - 0 run(s), 1 hit(s), 0 error(s), 1 left on base; Phoenix 0 - South Beach 12
This league is powered by Out of the Park Baseball, the baseball management simulation game for PC, Mac and Linux
Friday, January 22nd, 2016 - OOTP Baseball 16.9 Build 39